 Dungeon Crawl Stone Soup version 0.28.0-47-ge53b351184 (webtiles) character file.

Game seed: 11467595051247920830

197 Iusername the Shield-Bearer (level 5, -6/47 HPs)
             Began as a Minotaur Fighter on May 6, 2022.
             Mangled by Sigmund
             ... wielding a +1 scythe of freezing
              (10 damage)
             ... on level 2 of the Dungeon.
             The game lasted 00:02:04 (2120 turns).

Iusername the Shield-Bearer (Minotaur Fighter)      Turns: 2120, Time: 00:02:05

Health: -6/47      AC:  7    Str: 22    XL:     5   Next: 46%
Magic:  4/4        EV:  9    Int:  5    God:
Gold:   130        SH:  5    Dex: 10    Spells: 4/4 levels left

rFire   . . .      SeeInvis .   a - +0 war axe
rCold   . . .      Faith    .   c - +0 buckler
rNeg    . . .      Spirit   .   b - +0 scale mail
rPois   .          Reflect  .   (helmet restricted)
rElec   .          Harm     .   (no cloak)
rCorr   .          Rampage  .   (no gloves)
Will    .....                   (no boots)
Stlth   ..........              (no amulet)
HPRegen 0.15/turn               (no ring)
MPRegen 0.09/turn               (no ring)

@: no status effects
A: horns 2, retaliatory headbutt
a: no special abilities


You were on level 2 of the Dungeon.
You visited 1 branch of the dungeon, and saw 2 of its levels.

You collected 130 gold pieces.

Inventory:

Hand Weapons
 a - a +0 war axe (weapon)
Armour
 b - a +0 scale mail (worn)
 c - a +0 buckler (worn)
Jewellery
 j - a ring of protection from cold
Scrolls
 d - 3 scrolls of summoning {unknown}
 e - 2 scrolls of teleportation {unknown}
 f - a scroll of blinking {unknown}
 g - 2 scrolls of identify {unknown}
 h - a scroll of noise {unknown}
 o - a scroll of enchant armour {unknown}
 p - a scroll of fear {unknown}
Potions
 i - a potion of heal wounds {unknown}
 k - 2 potions of berserk rage {unknown}
 l - 2 potions of degeneration {unknown}
 m - a potion of curing {unknown}
 n - a potion of flight {unknown}


   Skills:
 + Level 4.8 Fighting
 + Level 4.0 Axes
 + Level 4.9 Armour
 + Level 4.9 Shields


You had 4 spell levels left.
You didn't know any spells.
Your spell library contained the following spells:

 Spells                   Type           Power      Damage    Failure   Level
 Beastly Appendage        Tmut           0%         N/A       86%         1
 Wereblood                Tmut           0%         N/A       95%         2
 Portal Projectile        Hex/Tloc       0%         N/A       99%         3
 Spider Form              Tmut/Pois      0%         N/A       99%         3
 Blade Hands              Tmut           0%         N/A       100%        5
 Excruciating Wounds      Necr           0%         N/A       100%        5


Dungeon Overview and Level Annotations

Branches:
Dungeon (2/15)

Altars:
Cheibriados

Annotations:
D:2 Sigmund


Innate Abilities, Weirdness & Mutations

You have a pair of horns on your head.
You reflexively headbutt those who attack you in melee.


Message History

The goblin is heavily wounded.
The goblin closely misses you. The bat hits you but does no damage.
Sigmund gestures wildly while chanting.
Sigmund flickers and vanishes!
Deactivating autopickup; reactivate with Ctrl-A.
The goblin barely misses you. You furiously retaliate!
You headbutt the goblin, but do no damage.
The bat hits you but does no damage. The bat closely misses you.
You furiously retaliate!
You headbutt the bat.
You kill the bat!
The goblin hits you but does no damage.
You barely miss the goblin.
The goblin is heavily wounded.
The goblin barely misses you. You furiously retaliate!
You headbutt the goblin.
You kill the goblin!
Something hits you but does no damage.
You see here a +0 dagger.
Something hits you! Something freezes you.
You hit something. Something hits you! Something freezes you.
You slash something! Something hits you! Something freezes you.
You barely miss something. Your headbutt misses something. Something hits you.
Something freezes you.
You miss something. Something hits you. Something freezes you.
* * * LOW HITPOINT WARNING * * *
You barely miss something. You barely miss something.
Something hits you but does no damage.
You miss something. Something hits you.
* * * LOW HITPOINT WARNING * * *
Something freezes you.
* * * LOW HITPOINT WARNING * * *
You closely miss something. Something hits you.
* * * LOW HITPOINT WARNING * * *
Something freezes you.
* * * LOW HITPOINT WARNING * * *
You barely miss something. Something hits you.
* * * LOW HITPOINT WARNING * * *
Something freezes you.
* * * LOW HITPOINT WARNING * * *
You slash something! Something hits you!
You die...

.......................###......#
#.#....................##........
# +....................##........
#........###.........##........
#.......)# #.........##.....)..
#........# #.........###.....##
#........# #..)......# #.....##
##.........# #.....##
#..{@......# ########
#.$....##### # #......# #
#......# # #......# # #......#
### # #......# #.### #......#
#.... #.###


There were no monsters in sight!

Vanquished Creatures
  2 jellies (D:1)
  4 gnolls
  An adder (D:2)
  An adder skeleton (D:2)
  A worm (D:1)
  3 dart slugs
  An orc (D:2)
  4 ball pythons
  8 bats
  14 endoplasms
  2 giant cockroaches (D:1)
  9 goblins
  3 hobgoblins (D:1)
  3 jackals (D:1)
  2 quokkas
  2 frilled lizards (D:2)
  5 kobolds
  8 rats
73 creatures vanquished.

Notes
Turn   | Place    | Note
-------+----------+-------------------------------------------
     0 | D:1      | Iusername the Minotaur Fighter began the quest for the Orb.
     0 | D:1      | Reached XP level 1. HP: 19/19 MP: 0/0
     0 | D:1      | Noticed a jelly
     0 | D:1      | Noticed a jelly
     1 | D:1      | Found a runed translucent door.
   269 | D:1      | Reached XP level 2. HP: 21/27 MP: 1/1
   495 | D:1      | Found a faded altar of an unknown god.
   632 | D:1      | Reached XP level 3. HP: 31/33 MP: 2/2
  1285 | D:1      | Reached XP level 4. HP: 37/41 MP: 3/3
  1461 | D:2      | Reached XP level 5. HP: 47/47 MP: 4/4
  1563 | D:2      | Found a snail-covered altar of Cheibriados.
  2104 | D:2      | Noticed Sigmund
  2120 | D:2      | Mangled by Sigmund

Illustrated notes

Levels and vault maps discovered:
D:1:      dpeg_arrival_caged_fury, layout_basic,
          shapermc_ecumenical_altar_ellora, serial_corexii_hall,
          chequers_hall_statues_corner_a, corexii_hall_statues_i,
          corexii_hall_statues_s, corexii_hall_statues_x,
          hangedman_abyss_or_decor_stabs, hangedman_feature_mirror, st_stairs_3
D:2:      layout_basic, basic_altar, bh_walls_and_bars, uniq_sigmund

Skill      XL: |  1  2  3  4  5 |
---------------+----------------+-----
Fighting       | 4 |  4.8
Shields        | 4 |  4.9
Armour         | 4 |  4.9
Axes           | 3 4 |  4.0

Action                   |  1- 3 |  4- 6 || total
-------------------------+-------+-------++-------
Melee: War axe           |    54 |    62 ||   116
       Headbutt          |     7 |     7 ||    14
  Use: Potion            |     1 |       ||     1
Armor: Scale mail        |    25 |    26 ||    51
Dodge: Dodged            |    29 |    32 ||    61
Block: Buckler           |    12 |    11 ||    23
